 Dungeon Crawl Stone Soup version 0.18.1-48-g4cf74bf (webtiles) character file.

159 Heedrag the Magician (level 5, 0/28 HPs)
             Began as a Deep Elf Conjurer on July 26, 2016.
             Slain by Grinder (4 damage)
             ... while paralysed by Grinder
             ... on level 3 of the Dungeon.
             The game lasted 00:05:12 (2120 turns).

Heedrag the Magician (Deep Elf Conjurer)            Turns: 2120, Time: 00:05:13

Health: 0/28       AC:  4    Str:  6    XL:     5   Next: 17%
Magic:  3/16       EV:  2    Int: 20    God:
Gold:   85         SH:  0    Dex: 17    Spells: 2 memorised, 14 levels left

rFire  . . .     SeeInvis .     e - +0 short sword
rCold  . . .     Gourm    .     a - +0 robe
rNeg   . . .     Faith    .     (no shield)
rPois  .         Spirit   .     m - +0 helmet
rElec  .         Dismiss  .     (no cloak)
rCorr  .         Reflect  .     (no gloves)
SustAt .         Harm     .     i - +0 pair of boots
MR     .....                    (no amulet)
Stlth  ++........               (no ring)
                                p - +2 ring of dexterity

@: paralysed, very slightly contaminated, not resistant to hostile enchantments,
unstealthy
A: no striking features
a: no special abilities


You were on level 3 of the Dungeon.
You were not hungry.

You visited 1 branch of the dungeon, and saw 3 of its levels.

You collected 85 gold pieces.

Inventory:

Hand Weapons
 e - a +0 short sword (weapon)
Armour
 a - a +0 robe (worn)
 i - a +0 pair of boots (worn)
 m - a +0 helmet (worn)
Jewellery
 p - a +2 ring of dexterity (left hand)
Scrolls
 f - 3 scrolls of identify {unknown}
 g - 3 scrolls of teleportation {unknown}
 j - a scroll of remove curse {unknown}
 s - a scroll of amnesia {unknown}
Potions
 k - a potion of beneficial mutation {unknown}
 l - 2 potions of haste {unknown}
 n - a potion of flight {unknown}
 o - 2 potions of degeneration {unknown}
 q - a potion of lignification {unknown}
 r - a potion of curing {unknown}
Books
 b - a book of Conjurations

   Spells                             Type                      Level
   a - Magic Dart                     Conjuration                  1
   b - Searing Ray                    Conjuration                  2
   c - Dazzling Spray                 Conjuration/Hexes            3
   d - Fulminant Prism                Conjuration/Hexes            4
   e - Iskenderun's Mystic Blast      Conjuration                  4
   f - Iskenderun's Battlesphere      Conjuration/Charms           5
Comestibles
 c - 2 bread rations
 d - 5 chunks of flesh
 h - 6 fruits


   Skills:
 - Level 2.4 Dodging
 - Level 2.4 Stealth
 + Level 7.3 Spellcasting
 - Level 4.3 Conjurations


You had 14 spell levels left.
You knew the following spells:

 Your Spells              Type           Power        Failure   Level  Hunger
a - Magic Dart            Conj           ###.         1%          1    None
b - Dazzling Spray        Conj/Hex       ###...       12%         3    #......


Dungeon Overview and Level Annotations

Branches:
Dungeon (3/15)

Altars:

Annotations:
D:3 Grinder, Sigmund


Message History

Castin': Dazzlin' Spray Confirm wit' . or Enter, or press ? or * ta list all spells.
Aimin': Magic Dart
Press: ? - help, Shift-Dir - straight line, f/p - Grinder
Aim: Grinder (heavily wounded) Ye miscast Magic Dart.
Nuthin' appears ta happ'n.
Castin': Magic Dart Confirm wit' . or Enter, or press ? or * ta list all spells.
Aimin': Magic Dart
Press: ? - help, Shift-Dir - straight line, f/p - Grinder
Aim: Grinder (heavily wounded) Tha magic dart hits Grinder.
Grinder be severely wounded.
Grinder gestures at ye.
Ye sudd'nly lose tha ability ta move!
Grinder hits ye.
* * * LOW HITPOINT WARNIN'
* * * Grinder hits ye but does nay damage.
Grinder hits ye.
Ye die...

#.#.## ##
#....# ..
#....# .
#....#
#.#....#
.#.#(#....#
..........#
#.@5.#
#.#.(.....
#.
#.###.....
#.# #.#
.... ##
#.#.###.##
..< ...
#.#.#....#
.# #...
#.#.#....#
# ..#...
#.#.#....#
...#...
#.#.#....#
#........


You could see Grinder.

Vanquished Creatures
  Natasha (twice) (D:2)
  4 adders
  A gnoll (D:2)
  An ooze (D:1)
  A worm (D:2)
  3 dart slugs
  2 giant geckos (D:1)
  7 bats
  4 giant cockroaches
  4 goblins
  2 hobgoblins
  4 jackals (D:1)
  7 kobolds
  A ball python (D:2)
  11 giant newts
  4 rats
58 creatures vanquished.

Notes
Turn   | Place    | Note
--------------------------------------------------------------
     0 | D:1      | Heedrag the Deep Elf Conjurer began the quest for the Orb.
     0 | D:1      | Reached XP level 1. HP: 10/10 MP: 6/6
   155 | D:1      | Reached skill level 4 in Spellcasting
   155 | D:1      | Reached XP level 2. HP: 12/15 MP: 0/9
   879 | D:1      | Reached XP level 3. HP: 19/19 MP: 7/11
   885 | D:1      | Learned a level 3 spell: Dazzling Spray
   966 | D:1      | Reached skill level 5 in Spellcasting
  1222 | D:2      | Noticed Natasha
  1227 | D:2      | Killed Natasha
  1309 | D:2      | Reached XP level 4. HP: 22/24 MP: 8/13
  1358 | D:2      | Reached skill level 6 in Spellcasting
  1476 | D:2      | Noticed Natasha
  1481 | D:2      | Killed Natasha
  1830 | D:3      | Reached skill level 7 in Spellcasting
  1853 | D:3      | Noticed Sigmund
  2005 | D:3      | Reached XP level 5. HP: 28/28 MP: 12/16
  2109 | D:3      | Noticed Grinder
  2117 | D:3      | Paralysed by Grinder for 4 turns
  2120 | D:3      | Slain by Grinder

Skill      XL: |  1  2  3  4 |
---------------+-------------+-----
Spellcasting   | 4 5 7 |  7.3
Dodging        | |  2.4
Stealth        | |  2.4
Conjurations   | |  4.3

Action                   |  1- 3 |  4- 6 || total
-------------------------+-------+-------++-------
 Cast: Magic Dart        |    73 |    72 ||   145
  Eat: Chunk             |     1 |     2 ||     3
Armor: Robe              |     2 |     2 ||     4
Dodge: Dodged            |     5 |     5 ||    10
